 Dungeon Crawl Stone Soup version 0.32-a0-918-g0f22ef8d61 (webtiles) character file.

Game seed: 14024479252019376040

3331 Biggs the Thaumaturge (level 10, 0/70 HPs)
             Began as a Djinni Conjurer on Apr 11, 2024.
             Was a Follower of Makhleb.
             Shot with an arrow by a centaur (4 damage)
             ... on level 8 of the Dungeon.
             The game lasted 00:20:08 (4328 turns).

Biggs the Thaumaturge (Djinni Conjurer)             Turns: 4328, Time: 00:20:09

Health: 0/70       AC:  6    Str:  6    XL:     10   Next: 22%
Gold:   208        EV: 13    Int: 24    God:    Makhleb [*.....] SH:  8 Dex: 12

rFire   + + .        (no weapon)
rCold   + . .        q - +0 buckler
rNeg    . . .        a - +0 robe
rPois   ∞            (no helmet)
rElec   .            s - scarf {rC+ rF+}
rCorr   .            (no gloves)
SInv    .            (boots unavailable)
Will    +....        J - amulet of reflection
Stlth   ++           i - +4 ring of protection
HPRegen 0.31/turn    w - ring of ice

%: reflection, infuse magic (-1 HP)
@: flying
A: sickness immunity, fire resistance 2, cold vulnerability 1, float, innate
caster, HP casting, extra vitality 1
a: Renounce Religion


You were on level 8 of the Dungeon.
You worshipped Makhleb.
Makhleb was aware of your devotion.
You visited 2 branches of the dungeon, and saw 9 of its levels.
You also visited: Ossuary.

You collected 208 gold pieces.

Inventory:

Hand Weapons
 y - the +6 spear of Keoth {pain, rPois rN++ Str+3 Int-2}
   (You found it on level 4 of the Dungeon)

   Str+3:     It affects your strength (+3).
   Int-2:     It affects your intelligence (-2).
   rPois:     It protects you from poison.
   rN++:      It greatly protects you from negative energy.
Armour
 a - a +0 robe (worn)
 q - a +0 buckler (worn)
 s - a scarf of resistance (worn)
Jewellery
 i - a +4 ring of protection (left hand)
 w - a ring of ice (right hand)
 E - a ring of ice
 J - an amulet of reflection (around neck)
Wands
 n - a wand of flame (22)
 r - a wand of digging (3)
 F - a wand of charming (5)
 G - a wand of acid (10)
 K - a wand of roots (1)
Scrolls
 b - a scroll of vulnerability
 c - a scroll of silence
 d - 3 scrolls of teleportation
 f - 2 scrolls of enchant weapon
 j - 2 scrolls of poison
 l - 2 scrolls of noise
 m - 2 scrolls of blinking {unknown}
 p - a scroll of immolation {unknown}
 v - 2 scrolls of fear {unknown}
 H - 2 scrolls of identify
 I - 3 scrolls of revelation {unknown}
Potions
 e - 4 potions of heal wounds {unknown}
 g - 2 potions of degeneration {unknown}
 k - 4 potions of curing {unknown}
 o - 2 potions of enlightenment {unknown}
 t - a potion of berserk rage {unknown}
 u - a potion of haste {unknown}
 x - a potion of attraction {unknown}
 z - a potion of lignification {unknown}
 A - a potion of resistance {unknown}
 B - 2 potions of mutation {unknown}
 C - a potion of ambrosia {unknown}
 D - a potion of might {unknown}


   Skills:
 - Level 5.0 Fighting
 - Level 8.3 Dodging
 - Level 1.5 Stealth
 + Level 9.1 Spellcasting
 + Level 9.1 Conjurations
 + Level 9.1 Hexes
   Level 0.0 Charms
 + Level 9.1 Summonings
 + Level 9.1 Necromancy
 + Level 9.1 Translocations
   Level 0.0 Transmutations
 + Level 9.1 Fire Magic
 + Level 9.1 Ice Magic
 + Level 9.1 Air Magic
 + Level 9.1 Earth Magic
 + Level 9.1 Alchemy


You knew the following spells:

 Your Spells              Type           Power      Damage    Failure   Level
a - Magic Dart            Conj           100%       1d8       1%          1
b - Searing Ray           Conj           100%       2d8       1%          2
c - Fulminant Prism       Conj/Alch      26%        3d13      2%          4
d - Iskenderun's Mystic   Conj/Tloc      53%        2d11      (+2d62%     4
e - Sandblast             Erth           100%       2d20      1%          1
f - Jinxbite              Hex            100%       N/A       1%          2
g - Mephitic Cloud        Conj/Alch/Air  53%        N/A       1%          3
h - Olgreb's Toxic Radia  Alch           53%        N/A       2%          4
Your spell library was empty.

Dungeon Overview and Level Annotations

Branches:
Dungeon (8/15)             Temple (1/1) D:7            Lair (0/5) D:8
Ossuary (visited)

Altars:
Ashenzari
Cheibriados
Dithmenos
Elyvilon
Fedhas
Hepliaklqana
Makhleb
Nemelex Xobeh
Okawaru
Qazlal
Ru
Trog
Uskayaw
Wu Jian
Xom
Yredelemnul
Zin
The Shining One

Shops:
D:5 *   D:7 (


Innate Abilities, Weirdness & Mutations

You are immune to sickness and miasma.
You are immune to poison.
Your flesh is very heat resistant. (rF++)
You are vulnerable to cold. (rC-)
You float through the air rather than walking.
You learn spells naturally, not from books.
Your magical power is your life essence.
You have superior vitality. (+4 MHP)


Message History

The orc warrior is heavily wounded.
The centaur shoots an arrow.
The arrow hits you!
The kobold brigand throws a curare-tipped dart.
You block the curare-tipped dart with an invisible shield... and reflect it back!
The curare-tipped dart hits the kobold brigand.
The kobold brigand is poisoned.
The kobold brigand struggles to breathe.
The kobold brigand dies!
The centaur shoots an arrow.
The arrow closely misses you.
A kobold comes into view. It is wielding a +0 short sword.
Unknown command.
Casting: Iskenderun's Mystic Blast (dangerous; 2% risk of failure)
Confirm with . or Enter, or press ? or * to list all spells.
Aiming: Fulminant Prism (dangerous; 2% risk of failure)
Press: ? - help, Dir - move target You conjure a prism of explosive energy!
A fulminant prism comes into view.
The centaur shoots an arrow.
The arrow hits you!
* * * LOW HITPOINT WARNING * * *
The orc warrior unwields a +0 orcbow.
The orc warrior wields a +0 war axe.
The orc warrior closely misses you.
Unknown command.
Casting: Fulminant Prism (dangerous; 2% risk of failure)
Confirm with . or Enter, or press ? or * to list all spells.
You erupt in a blast of force!
The mystic blast hits the orc warrior.
The orc warrior is heavily wounded.
The orc warrior is knocked back by the mystic blast.
The orc warrior slams into the rock wall.
The orc warrior is severely wounded.
* * * LOW HITPOINT WARNING * * *
The centaur shoots an arrow.
The arrow hits you!
* * * LOW HITPOINT WARNING * * *
Your fulminant prism crackles loudly.
Unknown command.
Unknown command.
Okay, then.
Okay, then.
As you read the scroll of fog, it dissolves into smoke.
The centaur shoots an arrow.
The arrow hits you.
You die...

.....................
..................... ..
.#.....#.[........## ..#
.#......##.........#..##
....#..###.........#*..#
####.....####.......c...
......... #...§.§.#...
#...........#<.§§§......
...P.......[..§§@§.....#
......>...[)..§§§§.....#
..............§..§.....#
......#.##oK....##
.....##.###.#..## ...##
#.. .....# ... ...
.....# ....##


You could see an orc warrior, a centaur and a kobold.

Vanquished Creatures
  A boulder beetle (D:7)
  A shadow (D:5)
  An orc warrior (D:7)
  4 ice beasts
  A sky beast (D:7)
  2 wolves (D:8)
  2 centaurs
  A phantom (D:5)
  4 kobold brigands
  A bullfrog (D:8)
  A burial acolyte (Ossuary)
  6 water moccasin zombies (Ossuary)
  An electric eel (D:7)
  2 howler monkeys (D:7)
  A bombardier beetle (D:6)
  3 jellies
  An orc priest (D:8)
  2 sleepcaps
  2 spectral scorpions (Ossuary)
  2 hounds
  An iguana (D:5)
  6 orc wizards
  2 mummies (Ossuary)
  3 gnolls (D:5)
  7 adders
  A shadow imp (D:7)
  A ribbon worm zombie (D:4)
  2 ufetubi (D:5)
  6 adder zombies (Ossuary)
  A dart slug (D:4)
  2 ribbon worms (D:3)
  4 orcs
  2 bats (D:3)
  4 endoplasms
  A giant cockroach (D:2)
  10 gnoll zombies (Ossuary)
  8 goblins
  4 hobgoblins
  9 jackals
  26 kobolds
  4 quokkas
  7 ball pythons
  A frilled lizard (D:3)
  4 jackal zombies (Ossuary)
  3 orc zombies (Ossuary)
  6 rats
  A butterfly (D:7)
165 creatures vanquished.

Vanquished Creatures (others)
  A kobold brigand (D:8)
  8 fulminant prisms
9 creatures vanquished.

Grand Total: 174 creatures vanquished

Notes
Turn   | Place    | Note
-------+----------+-------------------------------------------
     0 | D:1      | Biggs the Djinni Conjurer began the quest for the Orb.
     0 | D:1      | Biggs set off with the following spells memorised: Magic
                  | Dart, Searing Ray, Fulminant Prism, Iskenderun's Mystic
                  | Blast.
     0 | D:1      | Reached XP level 1. HP: 15/15 MP: 0/0
   176 | D:1      | Reached XP level 2. HP: 12/21 MP: 0/0
   385 | D:2      | Reached XP level 3. HP: 17/25 MP: 0/0
   385 | D:2      | Learned a level 1 spell: Sandblast
   590 | D:3      | Reached XP level 4. HP: 13/31 MP: 0/0
   802 | D:3      | Found a glowing silver altar of Zin.
   841 | D:3      | Reached skill level 5 in Spellcasting
   841 | D:3      | Reached skill level 5 in Conjurations
   841 | D:3      | Reached skill level 5 in Hexes
   841 | D:3      | Reached skill level 5 in Summonings
   841 | D:3      | Reached skill level 5 in Necromancy
   841 | D:3      | Reached skill level 5 in Translocations
   841 | D:3      | Reached skill level 5 in Fire Magic
   841 | D:3      | Reached skill level 5 in Ice Magic
   841 | D:3      | Reached skill level 5 in Air Magic
   841 | D:3      | Reached skill level 5 in Earth Magic
   841 | D:3      | Reached skill level 5 in Alchemy
   841 | D:3      | Reached XP level 5. HP: 27/35 MP: 0/0
   841 | D:3      | Learned a level 2 spell: Jinxbite
  1167 | D:4      | Identified the +6 spear of Keoth {pain, rPois rN++ Str+3
                  | Int-2}
  1192 | D:4      | Found a sand-covered staircase.
  1198 | Ossuary  | Entered an ossuary
  1319 | Ossuary  | Reached XP level 6. HP: 28/40 MP: 0/0
  1510 | Ossuary  | Reached XP level 7. HP: 38/45 MP: 0/0
  1510 | Ossuary  | Learned a level 3 spell: Mephitic Cloud
  1843 | D:5      | Entered Level 5 of the Dungeon
  2049 | D:5      | Reached XP level 8. HP: 46/50 MP: 0/0
  2180 | D:5      | Noticed a shadow
  2185 | D:5      | Found Zako's Assorted Antiques.
  2185 | D:5      | Killed a shadow
  2608 | D:6      | Reached skill level 5 in Fighting
  2608 | D:6      | Reached XP level 9. HP: 43/65 MP: 0/0
  2608 | D:6      | Learned a level 4 spell: Olgreb's Toxic Radiance
  3031 | D:7      | Noticed a boulder beetle
  3083 | D:7      | Reached skill level 5 in Dodging
  3433 | D:7      | Killed a boulder beetle
  3715 | D:7      | Found a staircase to the Ecumenical Temple.
  3719 | D:7      | Found a white marble altar of Elyvilon.
  3739 | Temple   | Entered the Ecumenical Temple
  3756 | Temple   | Became a worshipper of Makhleb the Destroyer
  3855 | D:7      | Found Cosuquant's Weapon Shoppe.
  3895 | D:7      | Reached XP level 10. HP: 61/70 MP: 0/0
  3988 | D:8      | Found a staircase to the Lair.
  4148 | D:8      | Reached * piety under Makhleb
  4328 | D:8      | Shot with an arrow by a centaur

Illustrated notes

Levels and vault maps discovered:
D:1:      dpeg_arrival_leaves_temple_mockup, layout_basic
D:2:      layout_loops_ring, supply_closet_lemuel
D:3:      layout_rooms, nicolae_overflow_hidden_temple, minmay_surrounded
D:4:      layout_cave_pools, enter_ossuary_3
D:5:      layout_loops_corners, serial_shops, shop, chequers_garden
D:6:      layout_gridville
D:7:      layout_rooms, nicolae_elyvilon_temple_path,
          minmay_temple_entry_butterflies, serial_shops,
          nicolae_shop_hallway_plus, minmay_chambers_of_fives
D:8:      layout_cave_pools, erik_lair_orcish_takeover
Temple:   nicolae_temple_bog_church

Skill      XL: |  1  2  3  4  5  6  7  8  9 10 |
---------------+-------------------------------+-----
Spellcasting   | 4 5 6 7 8 9 |  9.1
Conjurations   | 4 5 6 7 8 9 |  9.1
Hexes          | 4 5 6 7 8 9 |  9.1
Summonings     | 4 5 6 7 8 9 |  9.1
Necromancy     | 4 5 6 7 8 9 |  9.1
Translocations | 4 5 6 7 8 9 |  9.1
Fire Magic     | 4 5 6 7 8 9 |  9.1
Ice Magic      | 4 5 6 7 8 9 |  9.1
Air Magic      | 4 5 6 7 8 9 |  9.1
Earth Magic    | 4 5 6 7 8 9 |  9.1
Alchemy        | 4 5 6 7 8 9 |  9.1
Fighting       | 5 |  5.0
Dodging        | 8 |  8.3
Stealth        | |  1.5

Action                     |  1- 3 |  4- 6 |  7- 9 | 10-12 || total
---------------------------+-------+-------+-------+-------++-------
  Melee: Unarmed           |     1 |     1 |       |       ||     2
   Cast: Magic Dart        |    32 |    17 |    29 |     8 ||    86
         Searing Ray       |     8 |    25 |    50 |     9 ||    92
         Iskenderun's Myst |       |       |    13 |    12 ||    25
         Fulminant Prism   |       |       |     7 |     3 ||    10
  Evoke: Wand              |       |       |     2 |       ||     2
    Use: Scroll            |       |       |     7 |     1 ||     8
 Armour: Robe              |    14 |    21 |    44 |    18 ||    97
  Dodge: Dodged            |    13 |    20 |    30 |    15 ||    78
  Block: Reflection        |       |       |     2 |     5 ||     7
         Other             |       |       |     2 |     1 ||     3
         Buckler           |       |       |       |     7 ||     7

Table legend: (Time is in decaauts)
 A = Elapsed time spent in this place.
 B = Non-inter-level travel time spent in this place.
 C = Inter-level travel time spent in this place.
 D = Time resting spent in this place.
 E = Time spent auto-exploring this place.
 F = Levels seen in this place.
 G = Mean time per level.
                   A        B        C        D        E       F      G
               +--------+--------+--------+--------+--------+-----+--------+
         Total |   4328 |   4291 |     37 |    948 |    529 |  10 |  432.8 |
       Dungeon |   3701 |   3696 |      5 |    747 |    263 |   8 |  462.6 |
        Temple |     34 |      2 |     32 |      0 |      0 |   1 |   34.0 |
       Ossuary |    591 |    591 |      0 |    201 |    266 |   1 |  591.0 |
               +--------+--------+--------+--------+--------+-----+--------+

Top non-repeatable levels by time:
     D:7: 934 daAuts
     D:6: 752 daAuts
     D:5: 694 daAuts
 Ossuary: 591 daAuts
     D:3: 376 daAuts
     D:4: 331 daAuts
     D:2: 297 daAuts
     D:1: 243 daAuts
     D:8: 71 daAuts
  Temple: 34 daAuts
